 Dungeon Crawl Stone Soup version 0.23-a0-558-g30802b1 (webtiles) character file.

334 zishaf the Sneak (level 6, -2/46 HPs)
             Began as a Vampire Transmuter on Dec 12, 2018.
             Was an Initiate of Makhleb.
             Shot with an arrow by a centaur (17 damage)
             ... on level 4 of the Dungeon.
             The game lasted 00:08:33 (5548 turns).

zishaf the Sneak (Vampire Transmuter)               Turns: 5548, Time: 00:08:34

Health: -2/46      AC:  5    Str: 11    XL:     6   Next: 27%
Magic:  1/9        EV: 14    Int: 15    God:    Makhleb [......]
Gold:   182        SH:  0    Dex: 15    Spells: 6/9 levels left

rFire    + . .     SeeInvis +   a - +2 dagger (freeze)
rCold    + . .     Gourm    .   (no shield)
rNeg     + + +     Faith    .   g - +0 robe
rPois    ∞         Spirit   .   o - +0 helmet
rElec    .         Reflect  .   (no cloak)
rCorr    .         Harm     .   u - +0 pair of gloves
MR       .....                  e - +0 pair of boots
Stlth    +++++.....             (no amulet)
HPRegen  0.00/turn              x - ring of fire
MPRegen  0.11/turn              (no ring)

@: bloodless, non-regenerating
A: fangs 3, see invisible, unbreathing
a: Bat Form, Renounce Religion


You were on level 4 of the Dungeon.
You worshipped Makhleb.
Makhleb was noncommittal.
You were bloodless.

You visited 1 branch of the dungeon, and saw 4 of its levels.

You collected 182 gold pieces.

Inventory:

Hand Weapons
 a - a +2 dagger of freezing (weapon)
 b - a +0 hunting sling
Missiles
 f - 35 arrows
 i - 101 stones (quivered)
 s - 18 sling bullets
Armour
 e - a +0 pair of boots (worn)
 g - a +0 robe (worn)
 o - a +0 helmet (worn)
 u - a +0 pair of gloves (worn)
Jewellery
 x - a ring of fire (left hand)
Wands
 h - a wand of acid (12)
 t - a wand of random effects (9)
Scrolls
 c - 2 scrolls of enchant weapon {unknown}
 j - 8 scrolls of identify {unknown}
 l - 4 scrolls of enchant armour {unknown}
 m - 2 scrolls of remove curse {unknown}
 p - 4 scrolls of teleportation {unknown}
 r - a scroll of blinking {unknown}
Potions
 d - 11 potions of blood
 k - 2 potions of curing {unknown}
 n - 2 potions of flight {unknown}
 q - 2 potions of degeneration {unknown}
 v - a potion of lignification {unknown}
 w - a potion of mutation {unknown}


   Skills:
 + Level 2.8 Fighting
 + Level 4.0 Dodging
 + Level 4.6 Stealth
 - Level 4.4 Unarmed Combat
 - Level 2.0 Spellcasting
 * Level 3.2 Transmutations


You had 6 spell levels left.
You knew the following spells:

 Your Spells              Type           Power        Failure   Level  Hunger
a - Beastly Appendage     Tmut           ##....       6%          1    #......
b - Sticks to Snakes      Tmut           ##......     9%          2    ###....

Your spell library contained the following spells:

 Spells                   Type           Power        Failure   Level  Hunger
 Spider Form              Tmut/Pois      #.........   34%         3    ###....
 Ice Form                 Ice/Tmut       #.......     75%         4    #####..
 Blade Hands              Tmut           ##........   86%         5    ######.


Dungeon Overview and Level Annotations

Branches:
Dungeon (4/15)
 Temple: D:4-7

Altars:
Fedhas
Makhleb
Sif Muna

Annotations:
D:3 Grinder
D:4 Dowan


Innate Abilities, Weirdness & Mutations

You do not heal naturally.
You are immune to poison.
You have razor-sharp teeth.
You have supernaturally acute eyesight. (SInv)
You can survive without breathing.


Message History

You see here an arrow.
The centaur shoots an arrow.
The arrow barely misses you.
Your adder bites the centaur but does no damage.
The centaur shoots an arrow.
The arrow hits you!
Your adder closely misses the centaur.
You see here 2 arrows.
The centaur shoots an arrow.
The arrow misses your adder. The arrow closely misses you.
Your adder closely misses the centaur.
Casting: Sticks to Snakes (safe; 9% risk of failure)
Confirm with . or Enter, or press ? or * to list all spells.
You create a snake!
You now have 36 arrows.
The centaur shoots an arrow.
The arrow hits your adder!
Your adder dies!
A gnoll comes into view. It is wielding a +0 flail.
The gnoll shouts!
Casting: Sticks to Snakes (safe; 9% risk of failure)
Confirm with . or Enter, or press ? or * to list all spells.
You create a snake!
You now have 35 arrows.
The centaur shoots an arrow.
The arrow hits you!
You die...

#.........#.#.###
#........##.#......<# g.
#...........######### #.
#.......#####
gg##.......# #.g........#
#..#.c.....#
#####g#.((....#
........(.@S..###########
.......(((.(............#
........#S###...........#
######.>..# #...........#
###### #...........#
#...........#
#...........#
########.).........#
#..................#


You could see a centaur, 4 gnolls and 2 friendly ball pythons.

Vanquished Creatures
  4 orc wizards (D:3)
  Ijyb (D:3)
  An iguana (D:4)
  A worker ant (D:4)
  Robin (D:1)
  3 adders
  A gnoll (D:1)
  3 worms
  10 orcs
  16 goblins
  10 hobgoblins
  2 quokkas (D:2)
  5 bats
  6 frilled lizards
  5 kobolds
  27 rats
96 creatures vanquished.

Notes
Turn   | Place    | Note
-------+----------+-------------------------------------------
     0 | D:1      | zishaf the Vampire Transmuter began the quest for the Orb.
     0 | D:1      | Reached XP level 1. HP: 14/14 MP: 3/3
    41 | D:1      | Reached skill level 1 in Fighting
   258 | D:1      | Reached skill level 1 in Stealth
   288 | D:1      | Reached XP level 2. HP: 21/21 MP: 5/5
   991 | D:2      | Reached XP level 3. HP: 17/26 MP: 6/6
  1163 | D:2      | Noticed Robin
  1709 | D:1      | Killed Robin
  2510 | D:2      | Reached XP level 4. HP: 31/33 MP: 7/7
  2896 | D:2      | Found a deep blue altar of Sif Muna.
  2945 | D:3      | Noticed Ijyb
  2965 | D:3      | Killed Ijyb
  3048 | D:3      | Noticed Grinder
  3067 | D:3      | Reached XP level 5. HP: 38/38 MP: 8/8
  3086 | D:3      | Paralysed by Grinder for 3 turns
  3895 | D:3      | Learned a level 2 spell: Sticks to Snakes
  4775 | D:3      | Reached XP level 6. HP: 19/46 MP: 9/9
  5147 | D:3      | Found a burning altar of Makhleb.
  5155 | D:3      | Became a worshipper of Makhleb the Destroyer
  5312 | D:4      | Noticed Dowan
  5373 | D:4      | Found a blossoming altar of Fedhas.
  5548 | D:4      | Shot with an arrow by a centaur

Vault maps used:
D:1:      dpeg_arrival_tiny_d, minmay_liquid_box, serial_bayou_pond_e
D:2:      led_sif_pool, minmay_rat_hole, uniq_robin
D:3:      lemuel_coloured_pillars_altar, first_ration, minmay_circle_x,
          uniq_ijyb, uniq_grinder
D:4:      fedhas_bush_and_centaur_altar, minmay_temple_entry_glass, uniq_duvessa

Skill      XL: |  1  2  3  4  5  6 |
---------------+-------------------+-----
Fighting       | 1 2 |  2.8
Stealth        | 1 2 3 4 |  4.6
Dodging        | 3 4 |  4.0
Unarmed Combat | 4 |  4.4
Transmutations | 3 |  3.2
Spellcasting   | |  2.0

Action                   |  1- 3 |  4- 6 || total
-------------------------+-------+-------++-------
Melee: Unarmed           |    15 |       ||    15
       Dagger            |    93 |   159 ||   252
       Bite              |     4 |    12 ||    16
       Punch             |     2 |     2 ||     4
 Fire: Hunting sling     |    12 |    42 ||    54
 Cast: Sticks to Snakes  |       |     4 ||     4
 Abil: End Transformatio |       |     1 ||     1
       Bat Form          |       |     1 ||     1
  Use: Potion            |     1 |     6 ||     7
 Stab: Sleeping          |     3 |     6 ||     9
Armor: Robe              |    12 |    30 ||    42
       Plate armour      |    21 |       ||    21
Dodge: Dodged            |    52 |    82 ||   134

Table legend:
 A = Non-vault XP
 B = Vault XP
 C = Vault XP percentage of total XP
 D = Non-vault monster count
 E = Vault monster count
 F = Vault count percentage of total count
                 A         B        C        D         E       F
            +---------+---------+-------+---------+---------+-------
      Total |     380 |      98 |  20.5 |      62 |      34 |  35.4
            +---------+---------+-------+---------+---------+-------
        D:1 |      38 |      20 |  34.5 |      19 |       4 |  17.4
        D:2 |      48 |      38 |  44.2 |      17 |      28 |  62.2
        D:3 |     220 |      40 |  15.4 |      23 |       2 |   8.0
        D:4 |      74 |       0 |   0.0 |       3 |       0 |   0.0
            +---------+---------+-------+---------+---------+-------
